 Dungeon Crawl Stone Soup version 0.31-a0-189-ga26ba32dd1 (webtiles) character file.

Game seed: 3390054911524075923

127 qw the Skirmisher (level 4, -1/25 HPs)
             Began as a Deep Elf Hunter on June 23, 2023.
             Slain by a gnoll
             ... wielding a +0 halberd
              (6 damage)
             ... on level 3 of the Dungeon.
             The game lasted 00:00:41 (1593 turns).

qw the Skirmisher (Deep Elf Hunter)                 Turns: 1593, Time: 00:00:42

Health: -1/25      AC:  6    Str: 10    XL:     4   Next: 85%
Magic:  6/6        EV: 11    Int: 14    God:
Gold:   102        SH:  0    Dex: 18    Spells: 3/3 levels left

rFire   . . .        Y - +0 shortbow
rCold   . . .        (shield currently unavailable)
rNeg    . . .        h - +0 ring mail
rPois   .            (no helmet)
rElec   .            c - +0 cloak
rCorr   .            (no gloves)
SInv    .            (no boots)
Will    .....        (no amulet)
Stlth   +            (no ring)
HPRegen 0.24/turn    (no ring)
MPRegen 0.10/turn

%: no passive effects
@: no status effects
A: no striking features
a: no special abilities


You were on level 3 of the Dungeon.
You visited 1 branch of the dungeon, and saw 3 of its levels.

You collected 102 gold pieces.


   Skills:
 - Level 1.5 Fighting
 + Level 8.3 Ranged Weapons
 - Level 2.4 Dodging
 - Level 1.2 Stealth


You had 3 spell levels left.
You didn't know any spells.
Your spell library was empty.

Inventory:

Hand Weapons
 Y - a +0 shortbow (weapon)
Armour
 c - a +0 cloak (worn)
 h - a +0 ring mail (worn)
Scrolls
 a - a scroll of identify
Potions
 b - a potion of curing
 d - a potion of mutation {unknown}
 e - a potion of brilliance {unknown}

Dungeon Overview and Level Annotations

Branches:
Dungeon (3/15)

Altars:

Shops:
D:2 =

Annotations:
D:3 2 runed translucent doors


Message History

Enter note: You shoot an arrow.
The gnoll shouts!
The arrow hits the gnoll.
The gnoll is lightly wounded.
A bat comes into view.
You shoot an arrow. The arrow closely misses the gnoll.
The gnoll closely misses you.
You shoot an arrow. The arrow barely misses the gnoll.
The gnoll barely misses you. The bat hits you but does no damage.
You shoot an arrow. The arrow hits the bat!
You kill the bat!
The gnoll hits you from afar with a +0 halberd!
A gnoll comes into view. It is wielding a +0 whip.
You shoot an arrow. The arrow closely misses the gnoll.
The gnoll misses you.
You shoot an arrow. The arrow barely misses the gnoll.
The gnoll hits you but does no damage.
You shoot an arrow. The arrow hits the gnoll.
The gnoll is moderately wounded.
The gnoll barely misses you. The gnoll closely misses you.
The gnoll hits you with a +0 whip.
You shoot an arrow. The arrow barely misses the gnoll.
The gnoll hits you from afar with a +0 halberd!
The gnoll hits you but does no damage.
You shoot an arrow. The arrow hits the gnoll!
The gnoll is severely wounded.
The gnoll misses you. The gnoll hits you with a +0 whip.
You shoot an arrow. The arrow hits the gnoll!
You kill the gnoll!
The gnoll barely misses you.
You shoot an arrow. The arrow barely misses the gnoll.
The gnoll closely misses you.
You shoot an arrow. The arrow hits the gnoll.
The gnoll is severely wounded.
The gnoll hits you but does no damage.
You shoot an arrow. The arrow hits the gnoll.
The gnoll is almost dead.
The gnoll hits you from afar with a +0 halberd.
You die...

###..###.#.#.#.# #
.....# #.#.#.#.# ..#..#
#.#.#.#.# .)...#
#.......#
.#########.#..####
...........##..%.#
.###############.#
.###############.##
................@.#
.###############))g....+
.# ##..##..+ .# ..# # .#
... .# .##. ##### .# .#
..... .# . #####


You could see a gnoll.

Vanquished Creatures
  3 gnolls
  4 adders (D:2)
  A worm (D:2)
  2 dart slugs
  8 ball pythons
  5 bats
  7 endoplasms
  3 giant cockroaches (D:1)
  3 goblins
  5 hobgoblins
  3 jackals (D:1)
  A frilled lizard (D:1)
  2 kobolds (D:1)
  7 rats
54 creatures vanquished.

Notes
Turn   | Place    | Note
-------+----------+-------------------------------------------
     0 | D:1      | qw the Deep Elf Hunter began the quest for the Orb.
     0 | D:1      | Reached XP level 1. HP: 12/12 MP: 3/3
     0 | D:1      | 0 ||| qw: Version: 0.3-a-9-g12657ce
     0 | D:1      | 0 ||| qw: Game counter: 4446
     0 | D:1      | 0 ||| qw: Always use a shield: true
     0 | D:1      | 0 ||| qw: God list: Okawaru
     0 | D:1      | 0 ||| qw: Allow faded altars: false
     0 | D:1      | 0 ||| qw: Do Orc after D:15 true
     0 | D:1      | 0 ||| qw: Do second Lair branch before Depths: true
     0 | D:1      | 0 ||| qw: Lair rune preference: random
     0 | D:1      | 0 ||| qw: Plans: Normal
     0 | D:1      | 0 ||| PLANNING D:1-11
    33 | D:1      | Found a faded altar of an unknown god.
    44 | D:1      | Reached XP level 2. HP: 16/16 MP: 4/4
    46 | D:1      | Reached skill level 6 in Ranged Weapons
   418 | D:1      | Reached XP level 3. HP: 20/20 MP: 5/5
   542 | D:1      | 542 ||| UPGRADING to +0 ring mail.
   552 | D:1      | 552 ||| DROPPING +0 leather armour.
   553 | D:1      | 553 ||| DROPPING ring of flight.
   554 | D:1      | 554 ||| READING 2 scrolls labelled FUGUS SONACOISTUPN.
   555 | D:1      | 555 ||| READING scroll labelled QUTIXU KUROSIRAI.
   592 | D:1      | 592 ||| READING scroll labelled SUNGUE OFELO.
   595 | D:1      | 595 ||| READING scroll labelled FARIUCO YBALE.
   596 | D:1      | 596 ||| DRINKING 2 pink potions.
   701 | D:1      | 701 ||| DROPPING scroll of butterflies.
   702 | D:1      | 702 ||| DROPPING potion of berserk rage.
   733 | D:2      | Reached skill level 7 in Ranged Weapons
   836 | D:2      | Reached XP level 4. HP: 25/25 MP: 6/6
   843 | D:2      | HP: 6/25 [gnoll/+0 spear (5)]
   845 | D:2      | HP: 2/25 [gnoll/+0 spear (4)]
   946 | D:2      | Found Zeemmos's Jewellery Boutique.
   961 | D:2      | 961 ||| SHOPLISTING +6 ring of dexterity (504 gold, have
                  | 56).
   961 | D:2      | 961 ||| SHOPLISTING +6 ring of strength (504 gold, have
                  | 56).
   961 | D:2      | 961 ||| SHOPLISTING amulet of the acrobat (420 gold, have
                  | 56).
   961 | D:2      | 961 ||| SHOPLISTING ring of positive energy (280 gold, have
                  | 56).
  1356 | D:2      | 1356 ||| UPGRADING to +0 cloak.
  1361 | D:2      | 1361 ||| READING scroll labelled IQEURGH IKOPHI.
  1362 | D:2      | 1362 ||| READING scroll labelled XEFEARPH XUULLA.
  1363 | D:2      | 1363 ||| READING scroll labelled EMUNE ZEECEHE.
  1364 | D:2      | 1364 ||| READING scroll labelled VERU KOKAT.
  1365 | D:2      | 1365 ||| READING 2 scrolls of identify.
  1365 | D:2      | 1365 ||| IDENTIFYING brown potion
  1498 | D:3      | Reached skill level 8 in Ranged Weapons
  1580 | D:3      | Found a runed translucent gate.
  1580 | D:3      | Found a runed translucent gate.
  1588 | D:3      | HP: 6/25 [gnoll/+0 halberd (7)]
  1593 | D:3      | Slain by a gnoll

Levels and vault maps discovered:
D:1:      ncdulo_halloftheorcs, layout_basic, chequers_ecumenical_altar_island,
          chequers_mini_garden
D:2:      layout_basic, serial_shops, nicolae_shop_tiny_waterfront,
          minmay_surrounded
D:3:      layout_basic, ebering_ghost_rock_garden, minmay_box_of_dots

Skill      XL: |  1  2  3  4 |
---------------+-------------+-----
Ranged Weapons | 6 7 8 |  8.3
Fighting       | |  1.5
Dodging        | |  2.4
Stealth        | |  1.2

Action                     |  1- 3 |  4- 6 || total
---------------------------+-------+-------++-------
   Fire: Shortbow          |    76 |    68 ||   144
    Use: Scroll            |     4 |     5 ||     9
         Potion            |     1 |       ||     1
 Armour: Leather armour    |     3 |       ||     3
         Ring mail         |     2 |    17 ||    19
  Dodge: Dodged            |     7 |    22 ||    29

Table legend:
 A = Non-vault XP
 B = Vault XP
 C = Vault XP percentage of total XP
 D = Non-vault monster count
 E = Vault monster count
 F = Vault count percentage of total count
                 A         B        C        D         E       F
            +---------+---------+-------+---------+---------+-------
      Total |     153 |      29 |  15.9 |      51 |       3 |   5.6
            +---------+---------+-------+---------+---------+-------
        D:1 |      49 |       0 |   0.0 |      26 |       0 |   0.0
        D:2 |      65 |      29 |  30.9 |      17 |       3 |  15.0
        D:3 |      39 |       0 |   0.0 |       8 |       0 |   0.0
            +---------+---------+-------+---------+---------+-------
